 Dungeon Crawl Stone Soup version 0.30.1-11-g7821555f0a (webtiles) character file.

Game seed: 8524437806882501031

11064 Skitler the Spear-Bearer (level 11, -9/90 HPs)
             Began as a Demonspawn Gladiator on Jan 9, 2024.
             Was an Initiate of Gozag.
             Mangled by a rakshasa (illusionary)
             ... wielding a +5 executioner's axe
              (11 damage)
             ... on level 9 of the Dungeon.
             The game lasted 00:20:59 (9162 turns).

Skitler the Spear-Bearer (Demonspawn Gladiator)     Turns: 9162, Time: 00:21:00

Health: -9/90      AC: 23    Str: 19    XL:     11   Next: 44%
Magic:  11/11      EV:  8    Int:  9    God:    Gozag
Gold:   1027       SH:  0    Dex: 19    Spells: 10/10 levels left

rFire   + + +        p - +11 trident of a Thousand Interlopers {freeze, Dex+2}
rCold   + . .        (no shield)
rNeg    . . .        P - +0 crystal plate armour
rPois   +            (helmet restricted)
rElec   +            t - +0 cloak
rCorr   +            G - +2 pair of gloves of the Circus Animal {rF+ Dex+2}
SInv    +            (no boots)
Will    .....        F - amulet of Bihuilimm {RegenMP rF+ SInv} Stlth
                     (no ring)
HPRegen 0.35/turn    (no ring)
MPRegen 0.52/turn

%: no passive effects
@: mighty, resistant, hasted, invisible, very quick
A: horns 1, ignite blood 1, powered by pain 1, sturdy frame 3
a: Renounce Religion, Potion Petition, Call Merchant, Bribe Branch


You were on level 9 of the Dungeon.
You worshipped Gozag.
Gozag was most pleased with you.
You visited 2 branches of the dungeon, and saw 10 of its levels.
You also visited: Ossuary and Bailey.

You collected 2047 gold pieces.
You spent 140 gold pieces at shops.
You paid 880 gold pieces to Gozag.

Inventory:

Hand Weapons
 a - a +0 war axe
 p - the +11 trident of a Thousand Interlopers (weapon) {freeze, Dex+2}
   (You found it on level 2 of the Dungeon)

   Dex:       It affects your dexterity (+2).
Missiles
 e - 3 javelins (quivered)
Armour
 b - a +0 leather armour
 c - a +0 helmet
 m - a +0 scale mail
 t - a +0 cloak (worn)
 G - the +2 pair of gloves of the Circus Animal (worn) {rF+ Dex+2}
   (You found it on level 7 of the Dungeon)

   Dex:       It affects your dexterity (+2).
   rF:        It protects you from fire.
 P - a +0 crystal plate armour (worn)
 Q - a +0 tower shield
Jewellery
 F - the amulet of Bihuilimm (around neck) {RegenMP rF+ SInv}
   (You found it on level 5 of the Dungeon)

   [amulet of magic regeneration]

   It increases your rate of magic regeneration.
   rF:        It protects you from fire.
   SInv:      It lets you see invisible.
Wands
 s - a wand of digging (5)
 y - a wand of roots (8)
 H - a wand of light (11)
 R - a wand of polymorph (6)
Scrolls
 f - 11 scrolls of teleportation
 h - 3 scrolls of poison
 i - a scroll of magic mapping
 j - 10 scrolls of enchant weapon
 k - 12 scrolls of identify {unknown}
 l - 2 scrolls of fear {unknown}
 n - 4 scrolls of fog {unknown}
 o - a scroll of acquirement {unknown}
 q - 2 scrolls of vulnerability {unknown}
 v - 3 scrolls of blinking {unknown}
 B - 3 scrolls of summoning
 C - 2 scrolls of amnesia {unknown}
 O - 3 scrolls of enchant armour
Potions
 g - a potion of attraction {unknown}
 r - 6 potions of heal wounds {unknown}
 u - 5 potions of mutation {unknown}
 w - 2 potions of curing
 x - 10 potions of degeneration
 z - 2 potions of cancellation {unknown}
 A - 2 potions of lignification {unknown}
 D - a potion of ambrosia {unknown}
 E - 3 potions of haste {unknown}
 I - 5 potions of brilliance {unknown}
 J - a potion of magic {unknown}
 K - a potion of resistance {unknown}
 L - 2 potions of experience
 M - a potion of invisibility {unknown}
 N - a potion of might {unknown}


   Skills:
 * Level 9.7 Fighting
 - Level 3.1(8.0) Axes
 + Level 11.5(11.7) Polearms
 - Level 1.9 Throwing
 + Level 6.9 Armour
 - Level 4.2 Dodging
 - Level 2.2 Stealth
 * Level 2.0 Shields


You had 10 spell levels left.
You didn't know any spells.
Your spell library contained the following spells:

 Spells                   Type           Power      Damage    Failure   Level
 Sandblast                Erth           0%         2d4       100%        1
 Slow                     Hex            0%         N/A       100%        1
 Sting                    Tmut/Pois      0%         1d3       100%        1
 Passwall                 Tmut/Erth      0%         N/A       100%        2
 Poisonous Vapours        Pois/Air       0%         N/A       100%        2
 Static Discharge         Conj/Air       0%         2-2/arc   100%        2
 Confusing Touch          Hex            0%         N/A       100%        3
 Dazzling Flash           Conj/Hex       0%         N/A       100%        3
 Stone Arrow              Conj/Erth      0%         3d7       100%        3
 Vampiric Draining        Necr           0%         2d6       100%        3
 Airstrike                Air            0%         2d(0-16)  100%        4
 Olgreb's Toxic Radiance  Pois           0%         N/A       100%        4
 Summon Lightning Spire   Summ/Air       0%         N/A       100%        4
 Agony                    Necr           0%         N/A       100%        5
 Alistair's Intoxication  Tmut/Pois      0%         N/A       100%        5
 Borgnjor's Vile Clutch   Necr/Erth      0%         N/A       100%        5
 Silence                  Hex/Air        0%         N/A       100%        5
 Eringya's Noxious Bog    Tmut/Pois      0%         N/A       100%        6
 Storm Form               Tmut/Air       0%         N/A       100%        7
 Maxwell's Capacitive Co  Air            0%         ∞         100%        8


Dungeon Overview and Level Annotations

Branches:
Dungeon (9/15)             Temple (1/1) D:5            Lair (0/5) D:8
Ossuary (visited)          Bailey (visited)
    Orc: D:9-12

Altars:
Cheibriados
Dithmenos
Fedhas
Gozag
Hepliaklqana
Kikubaaqudgha
Nemelex Xobeh
Okawaru
Trog
Uskayaw
Xom

Shops:
D:3 *   D:5 !


Innate Abilities, Weirdness & Mutations

You have a pair of small horns on your head.
Your demonic aura sometimes causes spilled blood to erupt in flames.
You sometimes gain a little power by taking damage.
Your movements are significantly less encumbered by armour. (ER -6)


Message History

You slam into the metal wall!
* * * LOW HITPOINT WARNING * * *
The boulder beetle moves out of view.
The rakshasa hits you but does no damage.
You hit the rakshasa. You freeze the rakshasa. You headbutt the rakshasa.
The rakshasa is almost dead.
You hit the rakshasa but do no damage.
You headbutt the rakshasa, but do no damage.
The rakshasa is almost dead.
The rakshasa gestures at you. The lance of force hits you!
* * * LOW HITPOINT WARNING * * *
You are knocked back by the lance of force.
You slam into the metal wall!
Okay, then.
You feel better.
You feel better. The rakshasa barely misses you.
You puncture the rakshasa! You freeze the rakshasa.
The rakshasa is almost dead.
The rakshasa hits you with a +5 executioner's axe!
* * * LOW HITPOINT WARNING * * *
You focus on the pain.
You feel very mighty all of a sudden.
The rakshasa blinks! [a] - 736 gold - invisibility, might, resistance and haste [b] - 338 gold - heal wounds and magic [c] - 250 gold - haste Purchase which effect?
You fade into invisibility!
You feel mightier all of a sudden.
You feel protected.
You feel yourself speed up.
The rakshasa hits you but does no damage.
You closely miss the rakshasa.
The rakshasa is moderately wounded.
Unknown command.
You puncture the rakshasa! You headbutt the rakshasa.
The rakshasa is severely wounded.
The rakshasa hits you with a +5 executioner's axe!
You die...
Your body crumbles into a pile of gold.

..# #~~≈~~≈##~~~##.## #.......#
..# #~~~≈≈≈≈##~~*##.## #.......#
#.# #~.~≈≈≈≈≈#≈** ##.#######.####
#.# ##..~≈≈≈≈≈≈# ##.....##.# .<#
###############.####.##.#
..#######...#.#.#...####...#.#
.###.....................#...# .#
#.###################...### .#
#.##...##.R$.@##..*.#..##
.###.#.###.#..#RB#.#..##..###
...#.##.).#).###.$..#,,#....# ##
.#.#.#.###.#$#$..##B.#,#..#.####≈
.#.#.##...##..$..#,*..##..#...###
.#...###.#########**,###.........
.###.##....#,,,,,*,,,,,#..#######
.#...#.##..#,,,,,*,*,*,#..#
.###.#..#..#,,,,,,,*,*,#))#


You could see a boulder beetle (unable to see you) and 2 rakshasas.

Vanquished Creatures
  A two-headed ogre (D:9)
  Pikel (D:6)
  3 orc knights (Bailey)
  A cyclops (D:9)
  An ugly thing (D:9)
  2 gargoyles (D:9)
  A kobold demonologist (D:9)
  An unseen horror (D:7)
  A komodo dragon (D:6)
  A hornet (D:9)
  A troll (D:9)
  A shadow (D:9)
  2 wyverns (D:9)
  3 steam dragons
  4 yaks
  An acid dragon (D:9)
  6 water moccasins
  2 sky beasts
  6 orc warriors
  An ice beast (D:6)
  2 black bears
  3 ogres
  4 centaurs
  2 lemures (D:6)
  5 kobold brigands
  Blork the orc (D:6)
  6 bullfrogs
  A gnoll sergeant (D:9)
  3 scorpions
  6 howler monkeys
  4 crimson imps (D:7)
  5 hounds
  2 jellies
  Crazy Yiuf (D:2)
  7 orc priests
  3 sleepcaps
  An iguana (D:7)
  4 orc wizards
  Natasha (thrice) (D:3)
  8 mummies (Ossuary)
  A gnoll (D:9)
  4 adders
  5 white imps
  2 dart slugs
  69 orcs
  4 endoplasms
  3 giant cockroaches
  8 goblins
  3 hobgoblins
  6 jackals
  4 quokkas
  9 ball pythons
  3 bats
  5 frilled lizards
  2 gnoll zombies (Ossuary)
  3 hobgoblin zombies (Ossuary)
  37 kobolds
  2 kobold zombies (Ossuary)
  An orc zombie (Ossuary)
  7 rats
289 creatures vanquished.

Notes
Turn   | Place    | Note
-------+----------+-------------------------------------------
     0 | D:1      | Skitler the Demonspawn Gladiator began the quest for the
                  | Orb.
     0 | D:1      | Reached XP level 1. HP: 16/16 MP: 1/1
   496 | D:1      | Gained mutation: Your demonic aura sometimes causes spilled
                  | blood to erupt in flames. [demonic ancestry]
   496 | D:1      | Reached XP level 2. HP: 21/22 MP: 2/2
  1053 | D:2      | Identified the +11 trident of a Thousand Interlopers
                  | {freeze, Dex+2}
  1154 | D:2      | Found a runed translucent door.
  1155 | D:2      | Noticed Crazy Yiuf
  1266 | D:2      | Reached XP level 3. HP: 27/27 MP: 3/3
  1460 | D:2      | Reached skill level 1 in Armour
  1787 | D:2      | Killed Crazy Yiuf
  1788 | D:2      | Reached skill level 1 in Polearms
  1788 | D:2      | Gained mutation: Your movements are slightly less
                  | encumbered by armour. (ER -2) [demonic ancestry]
  1788 | D:2      | Reached XP level 4. HP: 34/34 MP: 4/4
  1877 | D:3      | Noticed Natasha
  1881 | D:3      | Killed Natasha
  1882 | D:3      | Reached skill level 2 in Polearms
  1897 | D:3      | Found Tuxapaengeu's Assorted Antiques.
  1907 | D:3      | Bought a sedimented puce potion for 26 gold pieces
  1907 | D:3      | Bought a scroll labelled IZOPEEMIUX for 29 gold pieces
  1907 | D:3      | Bought 2 viscous inky potions for 52 gold pieces
  2134 | D:3      | Noticed Natasha
  2139 | D:3      | Killed Natasha
  2140 | D:3      | Gained mutation: You have a pair of small horns on your
                  | head. [demonic ancestry]
  2140 | D:3      | Reached XP level 5. HP: 39/39 MP: 5/5
  2158 | D:3      | Noticed Natasha
  2166 | D:3      | Killed Natasha
  2455 | D:4      | Reached skill level 3 in Polearms
  2479 | D:4      | Noticed an ogre
  2483 | D:4      | Killed an ogre
  2484 | D:4      | Gained mutation: You sometimes gain a little power by
                  | taking damage. [demonic ancestry]
  2484 | D:4      | Reached XP level 6. HP: 46/46 MP: 6/6
  2512 | D:4      | Reached skill level 4 in Polearms
  2677 | D:4      | Found a snail-covered altar of Cheibriados.
  2704 | D:4      | You fall into a shaft and drop 3 floors!
  2726 | D:7      | Reached XP level 7. HP: 28/52 MP: 7/7
  2917 | D:6      | Reached skill level 5 in Polearms
  2919 | D:6      | Reached skill level 1 in Stealth
  2926 | D:5      | Entered Level 5 of the Dungeon
  2926 | D:5      | Found a staircase to the Ecumenical Temple.
  2926 | D:5      | Found Hurigar's Distillery.
  2934 | Temple   | Entered the Ecumenical Temple
  3037 | D:7      | Reached skill level 6 in Polearms
  3037 | D:7      | Reached XP level 8. HP: 61/61 MP: 8/8
  3054 | D:7      | Reached skill level 5 in Fighting
  3411 | Temple   | Became a worshipper of Gozag Ym Sagoz the Greedy
  3799 | D:5      | Bought a potion of curing for 33 gold pieces
  3872 | D:5      | Identified the amulet of Bihuilimm {RegenMP rF+ SInv}
  4454 | D:6      | Reached skill level 7 in Polearms
  4679 | D:6      | Noticed Pikel
  4692 | D:6      | Killed Pikel
  4693 | D:6      | Gained mutation: Your movements are less encumbered by
                  | armour. (ER -4) [demonic ancestry]
  4693 | D:6      | Reached XP level 9. HP: 59/71 MP: 9/9
  4749 | D:6      | Noticed a komodo dragon
  4756 | D:6      | Killed a komodo dragon
  4757 | D:6      | Reached skill level 8 in Polearms
  4850 | D:6      | Noticed Blork the orc
  4860 | D:6      | Killed Blork the orc
  5156 | D:6      | Reached skill level 5 in Armour
  5243 | D:6      | Found a bloodstained altar of Trog.
  5243 | D:6      | Found an ancient bone altar of Kikubaaqudgha.
  5244 | D:6      | Found an iron altar of Okawaru.
  5577 | D:7      | Identified the +2 pair of gloves of the Circus Animal {rF+
                  | Dex+2}
  5599 | D:7      | Found a shimmering altar of Xom.
  5628 | D:7      | Noticed an unseen horror
  5644 | D:7      | Killed an unseen horror
  6023 | D:7      | Found a shadowy altar of Dithmenos.
  6025 | D:7      | Found a hazy altar of Hepliaklqana.
  6156 | D:8      | Reached skill level 9 in Polearms
  6208 | D:8      | Reached XP level 10. HP: 30/79 MP: 10/10
  6214 | D:8      | Found a sand-covered staircase.
  6219 | Ossuary  | Entered an ossuary
  6563 | D:8      | Found a staircase to the Lair.
  7414 | D:9      | Found a blossoming altar of Fedhas.
  7434 | D:9      | Found a hide-covered altar of Uskayaw.
  7465 | D:9      | Found a flagged portal.
  7480 | Bailey   | Entered a bailey
  7550 | Bailey   | Reached skill level 10 in Polearms
  7743 | Bailey   | Noticed an orc knight
  7774 | Bailey   | Killed an orc knight
  7846 | Bailey   | Noticed an orc knight
  7846 | Bailey   | Noticed an orc knight
  7858 | Bailey   | Killed an orc knight
  7863 | Bailey   | Killed an orc knight
  8119 | D:9      | Noticed a two-headed ogre
  8124 | D:9      | Killed a two-headed ogre
  8181 | D:9      | Gained mutation: Your movements are significantly less
                  | encumbered by armour. (ER -6) [demonic ancestry]
  8181 | D:9      | Reached XP level 11. HP: 84/89 MP: 11/11
  8188 | D:9      | Reached skill level 11 in Polearms
  8689 | D:9      | Found a sparkling altar of Nemelex Xobeh.
  8862 | D:9      | Reached skill level 1 in Shields
  8906 | D:9      | Noticed a white ugly thing
  9024 | D:9      | Killed a white ugly thing
  9137 | D:9      | Noticed a rakshasa
  9153 | D:9      | Noticed a boulder beetle
  9156 | D:9      | HP: 4/90 [rakshasa/lance of force (15)]
  9159 | D:9      | HP: 1/90 [rakshasa (illusionary)/+5 executioner's axe (17)]
  9162 | D:9      | Mangled by a rakshasa (illusionary)

Illustrated notes

Levels and vault maps discovered:
D:1:      minmay_arrival_hallway, layout_basic, hangedman_decor_clover_reticule
D:2:      minmay_door_path, layout_basic, uniq_crazy_yiuf_cottage
D:3:      layout_basic, serial_shops, nicolae_shop_hallway_plus, uniq_natasha
D:4:      layout_cave_pools, kennysheep_slug_shrine, abandoned_shop,
          due_unseen_surprise
D:5:      nicolae_cairo_tiling, layout_rooms, minmay_temple_entry_proselytizer,
          serial_shops, nicolae_shop_advertising_works
          [nicolae_subvault_shop_adworks]
D:6:      layout_loops_corners, gammafunk_temple_overflow_claw, uniq_pikel,
          uniq_blork_the_orc
D:7:      layout_cave_pools, riverfiend_overflow_shadow_ancestor, led_xom_imps,
          serial_column_ruins, column_ruins_columns_straight,
          column_ruins_grid_3, column_ruins_columns_straight,
          column_ruins_open_tiny, column_ruins_columns_water,
          column_ruins_open_tiny_water
D:8:      layout_cave_pods, due_lair_maze_entry_diamond,
          nicolae_ossuary_entry_ruins
D:9:      minmay_the_grid_square_5x5_3x3
          [minmay_the_grid_square_5x5_three_small, minmay_the_grid_square_5x5_c,
          minmay_the_grid_square_5x5_trominoes, minmay_the_grid_square_5x5_six,
          minmay_the_grid_square_5x5_megaprize_open,
          minmay_the_grid_square_5x5_inner_z, minmay_the_grid_square_5x5_lines,
          minmay_the_grid_square_5x5_pentomino_r,
          minmay_the_grid_square_5x5_eight_small], layout_loops_ring,
          chequers_temple_overflow_statue_of_worship, fedhas_ov_isle_minmay,
          lemuel_round_altar, serial_rivers, chequers_serial_rivers_marsh,
          chequers_serial_rivers_large_a, chequers_serial_rivers_micro_c,
          chequers_serial_rivers_micro_a, chequers_serial_rivers_room_b,
          enter_bailey_7, grunt_decor_resistance
Temple:   hellmonk_temple_forest_ring

Skill      XL: |  1  2  3  4  5  6  7  8  9 10 11 |
---------------+----------------------------------+-----
Axes           | 3 |  3.1
Dodging        | 3 4 |  4.2
Armour         | 1 2 3 4 5 6 |  6.9
Polearms       | 1 2 3 4 6 7 9 10 11 | 11.5
Fighting       | 3 4 6 7 9 |  9.7
Stealth        | 1 2 |  2.2
Shields        | 2 |  2.0
Throwing       | |  1.9

Action                     |  1- 3 |  4- 6 |  7- 9 | 10-12 || total
---------------------------+-------+-------+-------+-------++-------
  Melee: War axe           |    60 |       |       |       ||    60
         Trident           |    16 |    90 |   210 |   265 ||   581
         Punch             |       |     3 |     3 |     3 ||     9
         Headbutt          |       |     6 |    32 |    25 ||    63
  Throw: Throwing net      |       |       |       |     3 ||     3
 Invoke: Potion Petition   |       |       |       |     1 ||     1
  Evoke: Wand              |       |       |     1 |       ||     1
    Use: Scroll            |       |       |     4 |     1 ||     5
         Potion            |       |       |     1 |     2 ||     3
   Stab: Sleeping          |     1 |       |     1 |     1 ||     3
         Distracted        |       |       |       |     6 ||     6
 Armour: Leather armour    |     5 |       |       |       ||     5
         Scale mail        |    21 |    35 |    50 |    41 ||   147
         Crystal plate arm |       |       |       |    27 ||    27
  Dodge: Dodged            |    43 |    39 |    97 |   104 ||   283
